AoeStats
← Noobjoker

Nomad

507704246Analyzed
4v4 RM · 12d ago on Sep 19, 2026· 47m 44s· 8 players
Game mode
Random Map
Map size
231×231
Population
200
Speed
Normal
Resources
Standard
Victory
Conquest
Starting age
Dark Age
Ending age
Imperial Age
RankedLock teamsTeams togetherTeam positionsShared explorationLock speedFull tech treeHidden civsTurbo modeCheats
Victory
Defeat
🇨🇳 Dravidians · China
1405
+14
🇨🇳 Slavs · China
1401
+14
🇨🇳 Franks · China
1343
+16
🇨🇳 Magyars · China
1317
+17
🇹🇼 Malay · Taiwan
1383
-16
🇺🇸 Tupi · United States
1365
-16
1352
-15
🇹🇷 Japanese · Türkiye
1311
-14
Polestar
5:16 Loom
13:24 Feudal Age
17:24 Castle Age
15:12 Fishing Lines
15:57 Double-Bit Axe
18:24 Fletching
18:58 Gold Mining
19:05 Bodkin Arrow
20:02 Padded Archer Armor
23:14 Ballistics
27:17 Leather Archer Armor
31:10 Bow Saw
30:41 Horse Collar
32:11 Heavy Plow
32:47 Gold Shaft Mining
32:02 Stone Mining
32:11 Stone Mining
33:34 Wheelbarrow
36:58 Imperial Age
35:33 Hand Cart
37:42 Bracer
38:10 Curare
39:15 Chemistry
40:32 Ring Archer Armor
46:43 Elite Blackwood Archer
苏东坡的粉丝
6:05 Loom
13:11 Feudal Age
16:05 Forging
17:28 Scale Barding Armor
21:23 Castle Age
19:50 Horse Collar
31:27 Imperial Age
28:45 Double-Bit Axe
30:16 Padded Archer Armor
30:45 Bow Saw
31:53 Stone Mining
31:56 Gold Mining
33:29 Chemistry
34:42 Wheelbarrow
44:55 Leather Archer Armor
44:31 Fletching
46:15 Bodkin Arrow
Noobjoker
3:05 Loom
13:51 Feudal Age
14:11 Town Watch
16:54 Double-Bit Axe
18:33 Horse Collar
20:10 Wheelbarrow
24:44 Castle Age
23:29 Gold Mining
26:14 Scale Barding Armor
42:22 Hand Cart
42:24 Forging
42:25 Fishing Lines
43:34 Gillnets
44:51 Heavy Plow
45:04 Man-at-Arms
46:41 Iron Casting
46:43 Gold Shaft Mining
47:01 Long Swordsman
47:42 Squires
twelve
4:49 Loom
13:15 Feudal Age
13:41 Town Watch
14:00 Fishing Lines
19:39 Castle Age
20:15 Wheelbarrow
21:45 Horse Collar
23:54 Heavy Plow
24:53 Gold Mining
24:51 Double-Bit Axe
26:09 Gold Shaft Mining
25:50 Forging
30:57 Bow Saw
32:38 Scale Mail Armor
32:42 Squires
32:29 Arson
34:49 Iron Casting
34:30 Chain Mail Armor
35:17 Town Patrol
39:53 Fletching
39:54 Elite Skirmisher
43:24 Ballistics
st9901544
3:39 Loom
15:36 Feudal Age
21:46 Castle Age
22:35 Double-Bit Axe
23:50 Bow Saw
老菜套
4:22 Loom
14:33 Feudal Age
15:09 Town Watch
18:21 Castle Age
18:00 Double-Bit Axe
17:57 Horse Collar
19:44 Wheelbarrow
24:54 Bow Saw
25:54 Heavy Plow
26:56 Gold Mining
30:36 Hand Cart
32:31 Gold Shaft Mining
31:47 Stone Mining
35:45 Imperial Age
35:57 Imperial Age
33:47 Scale Barding Armor
34:53 Chain Barding Armor
35:50 Forging
36:07 Elite Boyar
37:09 Conscription
38:05 Plate Barding Armor
38:18 Capped Ram
40:24 Iron Casting
42:29 Blast Furnace
41:07 Siege Ram
44:19 Two-Man Saw
43:49 Crop Rotation
43:38 Fletching
43:49 Padded Archer Armor
Kaiser Ze
10:44 Loom
14:05 Feudal Age
15:44 Double-Bit Axe
18:16 Castle Age
16:38 Fishing Lines
19:39 Bow Saw
19:22 Gillnets
20:24 Wheelbarrow
20:19 Stone Mining
20:25 Gold Mining
24:32 Hand Cart
27:53 Imperial Age
25:32 Fletching
25:50 Thumb Ring
27:23 Bodkin Arrow
26:57 Pikeman
27:48 Padded Archer Armor
28:12 Ballistics
29:21 Bracer
29:36 Leather Archer Armor
32:42 Town Watch
33:26 Leather Archer Armor
32:54 Halberdier
33:34 Squires
33:20 Gambesons
34:28 Conscription
34:17 Husbandry
34:46 Medical Corps
36:34 Ring Archer Armor
36:42 Town Patrol
39:22 Two-Man Saw
38:03 Horse Collar
38:27 Scale Mail Armor
38:37 Forging
40:23 Forging
40:28 Chain Mail Armor
40:49 Elite Elephant Archer
乌合之众
4:40 Loom
13:02 Feudal Age
17:56 Castle Age
16:35 Double-Bit Axe
18:06 Scale Barding Armor
Connection lost

Rejoining the realm…

Still unreachable

The connection could not be restored.

Session expired

The server has moved on; the page needs a fresh start.